 Dungeon Crawl Stone Soup version 0.29-a0-845-g6161e89988 (webtiles) character file.

Game seed: 6063699410839185308

5607 Paen the Spear-Bearer (level 10, -6/86 HPs)
             Began as a Hill Orc Berserker on July 13, 2022.
             Was an Elder of Trog.
             Killed from afar by an electric eel (13 damage)
             ... with a bolt of electricity
             ... on level 8 of the Dungeon on July 15, 2022.
             The game lasted 01:04:23 (10368 turns).

Paen the Spear-Bearer (Hill Orc Berserker)         Turns: 10368, Time: 01:04:23

Health: -6/86      AC: 12    Str: 25    XL:     10   Next: 73%
Magic:  10/10      EV:  8    Int:  7    God:    Trog [****..]
Gold:   502        SH: 15    Dex: 10    Spells: 9/9 levels left

rFire   + . .      SeeInvis .   v - +8 trident of Terra Cotta {vorpal, +Blink Will+}
rCold   x . .      Faith    .   z - +0 kite shield
rNeg    + . .      Spirit   .   B - +0 chain mail
rPois   .          Reflect  +   (no helmet)
rElec   .          Harm     .   (no cloak)
rCorr   .          Rampage  .   d - +0 pair of gloves
Will    +....                   (no boots)
Stlth   ..........              f - amulet of reflection
HPRegen 0.24/turn               t - ring of positive energy
MPRegen 0.12/turn               F - ring of fire

@: no status effects
A: no striking features
a: Renounce Religion, Evoke Blink, Berserk, Trog's Hand, Brothers in Arms


You were on level 8 of the Dungeon.
You worshipped Trog.
Trog was greatly pleased with you.
You visited 2 branches of the dungeon, and saw 9 of its levels.

You collected 502 gold pieces.

Inventory:

Hand Weapons
 a - a +0 falchion
 s - the +4 dagger of the Undead {venom, SInv}
   (You found it on level 3 of the Dungeon)

   It poisons the flesh of those it strikes.
   SInv:      It lets you see invisible.
 v - the +8 trident of Terra Cotta (weapon) {vorpal, +Blink Will+}
   (You found it on level 4 of the Dungeon)

   It inflicts extra damage upon your enemies.
   +Blink:    It lets you blink.
   Will:      It increases your willpower.
Armour
 b - a +0 animal skin
 c - a +0 leather armour
 d - a +0 pair of gloves (worn)
 e - a +0 tower shield
 j - a +0 scale mail
 m - a +0 ring mail
 u - the +1 scale mail of Jigsaw {+Inv rN+ Str-5}
   (You found it on level 4 of the Dungeon)

   Str:       It affects your strength (-5).
   rN:        It protects you from negative energy.
   +Inv:      It lets you turn invisible.
 z - a +0 kite shield (worn)
 B - a +0 chain mail (worn)
Jewellery
 f - an amulet of reflection (around neck)
 q - a ring of positive energy
 t - a ring of positive energy (left hand)
 E - the ring "Ydwer" {rC+ EV+4 Str-2 Int+2 Dex+4}
   (You found it on level 5 of the Dungeon)

   [ring of evasion]

   EV:        It affects your evasion (+4).
   Str:       It affects your strength (-2).
   Int:       It affects your intelligence (+2).
   Dex:       It affects your dexterity (+4).
   rC:        It protects you from cold.
 F - a ring of fire (right hand)
Wands
 x - a wand of paralysis (24)
 H - a wand of acid (9)
 I - a wand of flame (17)
Scrolls
 g - 7 scrolls of identify
 k - a scroll of enchant weapon {unknown}
 l - a scroll of immolation {unknown}
 n - 3 scrolls of teleportation
 o - 2 scrolls of noise {unknown}
 w - 2 scrolls of fog
 y - 3 scrolls of amnesia {unknown}
 A - 2 scrolls of brand weapon {unknown}
 C - 2 scrolls of magic mapping {unknown}
 D - 2 scrolls of silence {unknown}
 J - a scroll of vulnerability {unknown}
Potions
 h - a potion of berserk rage
 i - a potion of curing
 p - 2 potions of attraction {unknown}
 r - a potion of brilliance {unknown}
 G - a potion of might {unknown}


   Skills:
 + Level 7.6 Fighting
 + Level 1.2(2.9) Short Blades
 + Level 4.5(4.6) Long Blades
 + Level 9.2 Polearms
 + Level 8.4 Armour
 + Level 3.0 Dodging
 + Level 1.2 Stealth
 + Level 8.7 Shields


You had 9 spell levels left.
You didn't know any spells.
Your spell library was empty.

Dungeon Overview and Level Annotations

Branches:
Dungeon (8/15)             Temple (1/1) D:4
   Lair: D:8-11

Altars:
Cheibriados
Dithmenos
Elyvilon
Fedhas
Gozag
Hepliaklqana
Kikubaaqudgha
Makhleb
Nemelex Xobeh
Qazlal
Ru
Trog
Xom
Yredelemnul

Annotations:
D:8 1 transporter


Message History

The bolt of electricity hits you. x2; The bolt of electricity hits the plant!
There is an open door here.
The electric eel shoots out a bolt of lightning at you!
The bolt of electricity hits you! x2; The bolt of electricity hits the plant!
The plant begins to die.
The electric eel shoots out a bolt of lightning at you!
The bolt of electricity hits you!
The bolt of electricity hits the electric eel.
The electric eel completely resists.
The bolt of electricity misses the electric eel.
A nearby plant withers and dies.
The electric eel shoots out a bolt of lightning at you!
The bolt of electricity hits you!
The bolt of electricity hits the electric eel.
The electric eel completely resists.
You hit the electric eel.
The electric eel is moderately wounded.
You miss the electric eel.
The electric eel is moderately wounded.
The electric eel shoots out a bolt of lightning at you!
The bolt of electricity hits you!
The bolt of electricity hits the electric eel.
The electric eel completely resists.
The bolt of electricity hits the electric eel.
The electric eel completely resists.
The bolt of electricity hits you!
* * * LOW HITPOINT WARNING * * *
The electric eel shoots out a bolt of lightning at you!
The bolt of electricity hits you!
* * * LOW HITPOINT WARNING * * *
The bolt of electricity hits the electric eel.
The electric eel completely resists.
The electric eel shoots out a bolt of lightning at you!
The bolt of electricity hits you!
* * * LOW HITPOINT WARNING * * *
The bolt of electricity hits the electric eel.
The electric eel completely resists.
The bolt of electricity misses the electric eel.
The electric eel shoots out a bolt of lightning at you!
The bolt of electricity hits you!
You die...

............§≈§8.≈......>#.######
.#..................#.##.#.......
.#....######.....####.##.########
.##..## ####...###.##.# .##..##
#....©.....##.# .).)..#
#.#######..##.# .)).#.###
#.#8.©.8#..##.# ....#...#
#.#P./.≈#..##.# ....#...#
#.###@###..##.# #####...#
#.#S...S#..##.# #...#
#.#≈...≈#..##.# #...#
#.#≈≈≈S≈#..##.# ###.#
#.#≈P⌠P≈#..##.# #.#
#.#≈≈≈P≈#..##.# #.##
#.#≈≈P≈≈#..##.# #..#
#.#≈≈≈≈≈#..##.#
##.###.###+###..##.#


You could see 3 electric eels.

Vanquished Creatures
  A two-headed ogre (D:8)
  A hornet (D:8)
  Prince Ribbit (D:7)
  A wyvern (D:7)
  A shadow (D:8)
  5 yaks (D:8)
  A steam dragon (D:7)
  Menkaure (D:6)
  2 water moccasins
  A sky beast (D:4)
  2 black bears
  2 ice beasts
  3 orc warriors
  5 centaurs
  2 phantoms
  A bullfrog (D:8)
  4 scorpions
  A necrophage (D:7)
  14 wights
  3 gnoll boudas
  4 orc priests
  4 hounds (D:6)
  3 iguanas
  7 orc wizards
  A hound zombie (D:4)
  13 gnolls
  5 adders
  An adder zombie (D:4)
  2 worms
  A dart slug (D:5)
  27 orcs
  4 bats (D:3)
  5 endoplasms
  3 hobgoblins
  5 jackals
  A quokka (D:1)
  4 ball pythons
  5 frilled lizards
  4 goblins
  6 kobolds
  4 rats
161 creatures vanquished.

Vanquished Creatures (others)
  A plant (D:8)
1 creature vanquished.

Grand Total: 162 creatures vanquished

Notes
Turn   | Place    | Note
-------+----------+-------------------------------------------
     0 | D:1      | Paen the Hill Orc Berserker began the quest for the Orb.
     0 | D:1      | Reached XP level 1. HP: 19/19 MP: 1/1
   195 | D:1      | Reached XP level 2. HP: 15/27 MP: 2/2
  1791 | D:2      | Reached XP level 3. HP: 29/34 MP: 3/3
  3181 | D:3      | Found a bloodstained altar of Trog.
  3798 | D:3      | Identified the +4 dagger of the Undead {venom, SInv}
  3871 | D:3      | Reached XP level 4. HP: 31/41 MP: 4/4
  4035 | D:4      | Identified the +1 scale mail of Jigsaw {+Inv rN+ Str-5}
  4237 | D:4      | Found a staircase to the Ecumenical Temple.
  4247 | D:4      | Reached skill level 1 in Shields
  4275 | D:4      | Reached XP level 5. HP: 42/47 MP: 5/5
  4282 | D:4      | Reached ** piety under Trog
  4343 | D:4      | Identified the +8 trident of Terra Cotta {vorpal, +Blink
                  | Will+}
  4571 | D:4      | Noticed a sky beast
  4577 | D:4      | Killed a sky beast
  4578 | D:4      | Reached XP level 6. HP: 48/55 MP: 6/6
  4579 | D:4      | Found a sacrificial altar of Ru.
  4720 | D:4      | Reached skill level 5 in Fighting
  4723 | D:4      | Reached skill level 1 in Short Blades
  4779 | D:4      | Found a basalt altar of Yredelemnul.
  4876 | Temple   | Entered the Ecumenical Temple
  4918 | D:5      | Entered Level 5 of the Dungeon
  4925 | D:5      | Noticed an orc warrior
  4950 | D:5      | Killed an orc warrior
  4951 | D:5      | Reached skill level 1 in Polearms
  5188 | D:5      | Reached XP level 7. HP: 61/61 MP: 7/7
  5245 | D:5      | Identified the ring "Ydwer" {rC+ EV+4 Str-2 Int+2 Dex+4}
  5256 | D:5      | Reached skill level 2 in Polearms
  5819 | D:6      | Reached skill level 3 in Polearms
  5938 | D:6      | Reached skill level 5 in Armour
  5938 | D:6      | Reached XP level 8. HP: 65/69 MP: 8/8
  6010 | D:6      | Reached skill level 4 in Polearms
  6020 | D:6      | Reached skill level 5 in Shields
  6347 | D:6      | Reached skill level 5 in Polearms
  6677 | D:6      | Reached XP level 9. HP: 74/75 MP: 9/9
  6695 | D:6      | Noticed Menkaure
  6701 | D:6      | Killed Menkaure
  6702 | D:6      | Reached skill level 6 in Polearms
  7370 | D:6      | You fall into a shaft and drop 1 floor!
  7393 | D:7      | Identified the +0 trident of Sunlight {drain, Fragile rN+
                  | MP+9 Str+2 Int+2}
  7422 | D:7      | Reached *** piety under Trog
  7722 | D:7      | Reached skill level 1 in Stealth
  7736 | D:7      | Reached skill level 7 in Polearms
  8302 | D:7      | Noticed Prince Ribbit
  8318 | D:7      | Killed Prince Ribbit
  8523 | D:7      | Reached XP level 10. HP: 18/86 MP: 10/10
  9187 | D:8      | Found a transporter.
  9188 | D:8      | Found a shadowy altar of Dithmenos.
  9189 | D:8      | Noticed a two-headed ogre
  9204 | D:8      | Killed a two-headed ogre
  9205 | D:8      | Reached skill level 8 in Polearms
  9255 | D:8      | Upgraded the game from 0.29-a0-838-g385bb11a5b to
                  | 0.29-a0-845-g6161e89988
  9530 | D:8      | Found a sparkling altar of Nemelex Xobeh.
  9627 | D:8      | Reached skill level 9 in Polearms
  9905 | D:8      | Reached **** piety under Trog
 10061 | D:8      | Found a transporter.
 10368 | D:8      | Killed from afar by an electric eel

Illustrated notes

Levels and vault maps discovered:
D:1:      doesnt_arrival_eight_statues, layout_rooms, nicolae_hexahallways
D:2:      layout_loops_corners
D:3:      layout_rooms, lemuel_tele_altar
D:4:      layout_rooms, lemuel_zombie_altar_yredelemnul,
          mainiacjoe_overflow_alcove_2, minmay_temple_entry_offerings
D:5:      layout_cave_pools, palyth_stone_intersect, grunt_ministairs_10
D:6:      layout_basic, chequers_serial_rivers_micro_e, uniq_menkaure
D:7:      layout_cave_pools, kennysheep_generic_room_8, uniq_prince_ribbit1
D:8:      gammafunk_steamed_eel, layout_basic, nemelex_altar_shiori,
          mainiacjoe_overflow_catwalk
Temple:   nicolae_temple_two_arcs

Skill      XL: |  1  2  3  4  5  6  7  8  9 10 |
---------------+-------------------------------+-----
Fighting       | 4 5 6 7 |  7.6
Long Blades    | 4 |  4.5
Shields        | 1 2 3 4 5 7 8 |  8.7
Armour         | 3 4 5 6 7 8 |  8.4
Short Blades   | 1 |  1.2
Dodging        | 2 3 |  3.0
Polearms       | 1 3 5 7 9 |  9.2
Stealth        | 1 |  1.2

Action                   |  1- 3 |  4- 6 |  7- 9 | 10-12 || total
-------------------------+-------+-------+-------+-------++-------
Melee: Falchion          |   131 |       |       |       ||   131
       Dagger            |     6 |    32 |       |       ||    38
       Trident           |       |    44 |   185 |   124 ||   353
Invok: Berserk           |       |       |     1 |       ||     1
  Use: Potion            |     2 |     1 |       |     2 ||     5
       Scroll            |     1 |     2 |       |       ||     3
Armor: Leather armour    |    13 |       |       |       ||    13
       Animal skin       |     1 |       |       |       ||     1
       Scale mail        |    23 |    30 |       |       ||    53
       Chain mail        |       |       |    66 |    35 ||   101
Dodge: Dodged            |    45 |    16 |    43 |    23 ||   127
Block: Tower shield      |    82 |    93 |       |       ||   175
       Kite shield       |       |     1 |   166 |    96 ||   263
       Reflection        |       |     1 |    14 |       ||    15

Table legend: (Time is in decaauts)
 A = Elapsed time spent in this place.
 B = Non-inter-level travel time spent in this place.
 C = Inter-level travel time spent in this place.
 D = Time resting spent in this place.
 E = Time spent auto-exploring this place.
 F = Levels seen in this place.
 G = Mean time per level.
                   A        B        C        D        E       F      G
               +--------+--------+--------+--------+--------+-----+--------+
         Total |  10495 |  10432 |     63 |   2927 |   2889 |   9 | 1166.1 |
       Dungeon |  10467 |  10404 |     63 |   2927 |   2889 |   8 | 1308.4 |
        Temple |     27 |     27 |      0 |      0 |      0 |   1 |   27.0 |
               +--------+--------+--------+--------+--------+-----+--------+

Top non-repeatable levels by time:
     D:7: 1729 daAuts
     D:2: 1717 daAuts
     D:6: 1600 daAuts
     D:1: 1478 daAuts
     D:8: 1280 daAuts
     D:5: 894 daAuts
     D:3: 884 daAuts
     D:4: 881 daAuts
  Temple: 27 daAuts
